 Dungeon Crawl Stone Soup version 0.30-b1-2-g02819fbbbe (webtiles) character file.

Game seed: 17525313919383013428

545 Alarkh the Insei (level 7, 55/55 HPs)
             Began as a Demonspawn Chaos Knight on May 21, 2023.
             Was a Plaything of Xom.
             Got out of the dungeon alive.
             The game lasted 00:05:41 (4124 turns).

Alarkh the Insei (Demonspawn Chaos Knight)          Turns: 4124, Time: 00:05:42

Health: 55/55      AC:  4    Str: 11    XL:     7   Next: 6%
Magic:  16/16      EV: 11    Int: 20    God:    Xom [*.....]
Gold:   246        SH:  0    Dex: 11    Spells: 6/6 levels left

rFire   . .          .
                       - Unarmed
rCold   . . .        (no shield)
rNeg    . . .        a - +2 leather armour
rPois   .            (no helmet)
rElec   .            A - +0 cloak
rCorr   .            (no gloves)
SInv    .            (no boots)
Will    .....        (no amulet)
Stlth   +            h - ring of magical power
HPRegen 0.29/turn    (no ring)
MPRegen 0.15/turn

%: no passive effects
@: no status effects
A: foul stench 1, spiny 1, weakness stinger 1, clever 1, deformed body, high MP
1, no potion heal 1, subdued magic 1
a: Renounce Religion


You escaped.
You worshipped Xom.
You were a special plaything of Xom.
You visited 1 branch of the dungeon, and saw 4 of its levels.
You also visited: Sewer.

You collected 246 gold pieces.

Inventory:

Missiles
 f - a throwing net
Armour
 a - a +2 leather armour (worn)
 A - a +0 cloak (worn)
Magical Staves
 v - a staff of conjuration
Jewellery
 h - a ring of magical power (left hand)
 u - an amulet of reflection
Scrolls
 i - a scroll of torment {unknown}
 k - a scroll of immolation {unknown}
 m - a scroll of enchant armour {unknown}
 n - a scroll of teleportation {unknown}
 o - a scroll of noise
 q - a scroll of amnesia {unknown}
 r - a scroll of identify
 s - a scroll of fog {unknown}
 t - a scroll of magic mapping {unknown}
 y - a scroll of vulnerability {unknown}
 z - a scroll of blinking {unknown}
Potions
 c - a potion of resistance
 d - 3 potions of heal wounds
 e - 2 potions of lignification
 g - 2 potions of haste {unknown}
 j - a potion of attraction
 l - 2 potions of brilliance
 p - a potion of berserk rage {unknown}
 w - a potion of invisibility
 x - a potion of mutation
 B - a potion of magic {unknown}
Miscellaneous
 b - a piece from Xom's chessboard (15/15) (quivered)


   Skills:
 + Level 4.7 Fighting
 - Level 1.7 Armour
 - Level 0.8 Dodging
 * Level 5.5 Unarmed Combat
 + Level 3.4 Evocations


You had 6 spell levels left.
You didn't know any spells.
Your spell library contained the following spells:

 Spells                   Type           Power      Damage    Failure   Level
 Apportation              Tloc           0%         N/A       22%         1
 Necrotise                Necr           0%         1d4       22%         1
 Sandblast                Erth           0%         2d4       22%         1
 Summon Small Mammal      Summ           0%         N/A       22%         1
 Passwall                 Tmut/Erth      0%         N/A       32%         2
 Poisonous Vapours        Pois/Air       0%         N/A       32%         2
 Mephitic Cloud           Conj/Pois/Air  0%         N/A       54%         3
 Stone Arrow              Conj/Erth      0%         3d7       54%         3
 Freezing Cloud           Conj/Ice/Air   0%         6-21      100%        5


Dungeon Overview and Level Annotations

Branches:
Dungeon (4/15)              Sewer (visited)
 Temple: D:4-7

Altars:
Trog
Vehumet

Shops:
D:4 :[

Annotations:
D:3 exclusion: statue


Innate Abilities, Weirdness & Mutations

You may rarely emit foul miasma when damaged in melee.
You are partially covered in sharp spines.
You have a small tail.
Your mind is acute. (Int +4, Str/Dex -1)
Armour fits poorly on your strangely shaped body.
You have an increased reservoir of magic. (+10% MP)
Potions are less effective at restoring your health.
Your spells are a little easier to cast, but a little less powerful.


Message History

The ice beast hits you but does no damage.
You hit the ice beast.
The ice beast is severely wounded.
The ice beast hits you but does no damage.
You smack the ice beast!
The ice beast is almost dead.
The ice beast hits you but does no damage.
You smack the ice beast!
You kill the ice beast!
You have reached level 7!
Your demonic ancestry asserts itself...
You begin to emit a foul stench of rot and decay.
You start resting.
Your butterfly disappears in a puff of smoke!
Your transformation is almost over.
You feel less wooden.
Your +0 cloak unmelds from your body.
Your +2 leather armour unmelds from your body.
You start resting.
HP restored.
(D) Dungeon
Where to? (Enter - D:4, ? - help)
What level of the Dungeon? (default 1, ? - help)
There is a stone staircase leading up here.
You climb upwards.
Level annotation: exclusion: statue
There is a stone staircase leading down here.
HP restored.
There is a stone staircase leading up here.
You climb upwards.
There is a stone staircase leading down here.
There is a stone staircase leading up here.
You climb upwards.
There is a stone staircase leading down here.
Unknown command.
There is an open door here.
You see here a +0 dagger.
There is a staircase leading out of the dungeon here.
Are you sure you want to leave the Dungeon?
This will make you lose the game!
You have escaped!

##.....##.........###....##
........+######...'..)....#
##...#.###....###.####...##
##.####........### #..##
#...##....##....## #.##
#.###............# #.# #.#
#............####.### #.#
#....####.....#.....#
#.###..### ###@..#.....#
#...##.# ##..#.....#
#.#....### ###...#.....#
#.##.....####.....#.....#
#.###............####.###
#...#............####.#
######....##....##....#
##........########
###....###


There were no monsters in sight!

Vanquished Creatures
  A water moccasin (D:4)
  An ice beast (D:4)
  A scorpion (D:4)
  An orc priest (D:3)
  Crazy Yiuf (D:3)
  Jessica (D:3)
  Terence (D:2)
  An orc wizard (D:3)
  3 river rats (Sewer)
  4 adders
  2 worms
  A dart slug (D:4)
  2 orcs (D:3)
  An endoplasm (D:3)
  5 giant cockroaches
  8 goblins
  4 hobgoblins
  8 jackals
  4 quokkas
  7 ball pythons
  6 bats
  10 frilled lizards
  3 kobolds
  12 rats
88 creatures vanquished.

Notes
Turn   | Place    | Note
-------+----------+-------------------------------------------
     0 | D:1      | Alarkh the Demonspawn Chaos Knight began the quest for the
                  | Orb.
     0 | D:1      | Reached XP level 1. HP: 18/18 MP: 1/1
   211 | D:1      | XOM: silly message
   248 | D:1      | Reached skill level 3 in Unarmed Combat
   300 | D:1      | Gained mutation: You have a small tail. [demonic ancestry]
   300 | D:1      | Reached XP level 2. HP: 24/24 MP: 2/2
   720 | D:1      | XOM: enchant monster (good)
   814 | D:1      | Reached skill level 1 in Evocations
  1106 | D:1      | XOM is BORED!
  1135 | D:1      | XOM: give mutations
  1135 | D:1      | Gained mutation: You are dopey. (Int -2) [Xom's mischief]
  1135 | D:1      | Gained mutation: Your flesh is heat resistant. (rF+) [Xom's
                  | mischief]
  1150 | D:2      | Reached XP level 3. HP: 29/29 MP: 3/3
  1171 | D:2      | Noticed Terence
  1188 | D:2      | Killed Terence
  1366 | D:2      | Found a faded altar of an unknown god.
  1366 | D:2      | XOM: scenery: 1 doors open
  1447 | D:2      | Reached XP level 4. HP: 34/35 MP: 4/4
  1519 | D:2      | XOM: give mutations
  1519 | D:2      | Lost mutation: You are dopey. (Int -2) [Xom's grace]
  1519 | D:2      | Gained mutation: You possess an exceptional clarity of
                  | mind. [Xom's grace]
  1519 | D:2      | Gained mutation: You have large cloven feet. [Xom's grace]
  2004 | D:3      | XOM: potion effect (invisibility)
  2026 | D:3      | Reached skill level 4 in Unarmed Combat
  2129 | D:3      | XOM: give mutations
  2129 | D:3      | Gained mutation: Your spells are a little easier to cast,
                  | but a little less powerful. [Xom's mischief]
  2129 | D:3      | Gained mutation: You have an increased reservoir of magic.
                  | (+10% MP) [Xom's mischief]
  2129 | D:3      | Lost mutation: You have large cloven feet. [Xom's mischief]
  2129 | D:3      | Lost mutation: Your flesh is heat resistant. (rF+) [Xom's
                  | mischief]
  2129 | D:3      | Gained mutation: You are vulnerable to heat. (rF-) [Xom's
                  | mischief]
  2157 | D:3      | Reached XP level 5. HP: 39/42 MP: 5/5
  2178 | D:3      | Found a glowing drain.
  2187 | Sewer    | Entered a sewer
  2210 | Sewer    | XOM: god gift: bubbling white potion {god gift}
  2256 | Sewer    | XOM: 2-stop teleportation journey
  2420 | Sewer    | XOM: 2-stop teleportation journey
  2495 | Sewer    | XOM: summons 2 hostile shadow creatures
  2645 | Sewer    | Lost mutation: You possess an exceptional clarity of mind.
                  | [potion of mutation]
  2645 | Sewer    | Lost mutation: You are vulnerable to heat. (rF-) [potion of
                  | mutation]
  2645 | Sewer    | Gained mutation: Armour fits poorly on your strangely
                  | shaped body. [potion of mutation]
  2645 | Sewer    | Gained mutation: Potions are less effective at restoring
                  | your health. [potion of mutation]
  2645 | Sewer    | Gained mutation: Your mind is acute. (Int +4, Str/Dex -1)
                  | [potion of mutation]
  2681 | D:3      | XOM: noise
  2781 | D:3      | Found a radiant altar of Vehumet.
  2781 | D:3      | Noticed a frost-covered statue
  2800 | D:3      | Noticed Jessica
  2805 | D:3      | XOM: smoke on damage
  2807 | D:3      | Killed Jessica
  2853 | D:3      | XOM: summons 1 hostile shadow creature
  2964 | D:3      | Found a runed translucent door.
  2965 | D:3      | Noticed Crazy Yiuf
  2985 | D:3      | XOM: 2-stop teleportation journey
  3091 | D:3      | XOM: summons 2 hostile shadow creatures
  3327 | D:3      | XOM: stat loss: -1 Str (10/11)
  3364 | D:3      | Killed Crazy Yiuf
  3365 | D:3      | Gained mutation: You are partially covered in sharp spines.
                  | [demonic ancestry]
  3365 | D:3      | Reached XP level 6. HP: 48/48 MP: 6/6
  3475 | D:4      | Reached skill level 5 in Unarmed Combat
  3531 | D:4      | Found Huttal's Armour Shoppe.
  3596 | D:4      | Found Doc Covai's Book Boutique.
  3688 | D:4      | Noticed a water moccasin
  3701 | D:4      | Killed a water moccasin
  3835 | D:4      | Found a bloodstained altar of Trog.
  3893 | D:4      | Noticed an ice beast
  3900 | D:4      | XOM: butterfly on damage
  3906 | D:4      | XOM: swap monsters
  3920 | D:4      | Killed an ice beast
  3921 | D:4      | Gained mutation: You may rarely emit foul miasma when
                  | damaged in melee. [demonic ancestry]
  3921 | D:4      | Reached XP level 7. HP: 22/55 MP: 7/7
  4124 | D:$      | Got out of the dungeon alive.

Illustrated notes

Levels and vault maps discovered:
D:1:      minmay_arrival_loop, layout_loops_corners, minivault_11
D:2:      layout_basic, dreamdust_ecumenical_altar_angels_and_demons,
          uniq_terence
D:3:      layout_rooms, vehumet_statue, portal_sewer_entry_e,
          dreamdust_princess_corridor, uniq_jessica, uniq_crazy_yiuf_cottage
D:4:      layout_basic, mainiacjoe_overflow_surrounded_room, serial_shops,
          shop_fountains, shop

Skill      XL: |  1  2  3  4  5  6 |
---------------+-------------------+-----
Unarmed Combat | 3 4 5 |  5.5
Evocations     | 1 2 3 |  3.4
Fighting       | 4 |  4.7
Armour         | |  1.7
Dodging        | |  0.8

Action                     |  1- 3 |  4- 6 |  7- 9 || total
---------------------------+-------+-------+-------++-------
  Melee: Unarmed           |   146 |   211 |       ||   357
         Punch             |     4 |     5 |       ||     9
         Tailslap          |    24 |    23 |       ||    47
         Kick              |       |    11 |       ||    11
  Evoke: Piece from Xom's  |     4 |       |       ||     4
    Use: Potion            |       |     8 |       ||     8
         Scroll            |       |     4 |       ||     4
   Stab: Petrified         |     3 |       |       ||     3
         Invisible         |       |     2 |       ||     2
         Sleeping          |       |     1 |       ||     1
 Armour: Leather armour    |    58 |    58 |       ||   116
         Skin              |       |     4 |       ||     4
  Dodge: Dodged            |    91 |   103 |       ||   194
